 Dungeon Crawl Stone Soup version 0.30.0-5-g1a98f26d00 (webtiles) character file.

Game seed: 7301468527896349732

70 Pimp the Gusty (level 4, -1/24 HPs)
             Began as a Tengu Air Elementalist on May 10, 2023.
             Slain by a gnoll
             ... wielding a +0 spear
              (6 damage)
             ... on level 3 of the Dungeon.
             The game lasted 00:03:34 (1542 turns).

Pimp the Gusty (Tengu Air Elementalist)             Turns: 1542, Time: 00:03:35

Health: -1/24      AC:  6    Str:  9    XL:     4   Next: 21%
Magic:  8/8        EV:  6    Int: 15    God:
Gold:   53         SH:  0    Dex: 16    Spells: 6/7 levels left

rFire   . . .        g - +0 short sword (vamp)
rCold   . . .        (no shield)
rNeg    . . .        c - +0 ring mail
rPois   .            (helmet restricted)
rElec   .            l - +0 cloak
rCorr   .            (no gloves)
SInv    .            (boots unavailable)
Will    .....        (no amulet)
Stlth   ++           (no ring)
HPRegen 0.24/turn    (no ring)
MPRegen 0.11/turn

%: no passive effects
@: held
A: beak, talons 3
a: no special abilities


You were on level 3 of the Dungeon.
You visited 1 branch of the dungeon, and saw 3 of its levels.

You collected 53 gold pieces.

Inventory:

Hand Weapons
 g - a +0 vampiric short sword (weapon)
Armour
 a - a +0 robe
 c - a +0 ring mail (worn)
 l - a +0 cloak (worn)
Scrolls
 d - a scroll of immolation {unknown}
 e - 3 scrolls of identify {unknown}
 f - a scroll of enchant weapon {unknown}
 i - a scroll of brand weapon {unknown}
 k - a scroll of summoning {unknown}
Potions
 b - a potion of magic
 h - 2 potions of flight {unknown}
 j - a potion of mutation {unknown}


   Skills:
 + Level 1.3 Short Blades
 + Level 2.7 Dodging
 + Level 2.6 Stealth
 + Level 2.3 Spellcasting
 + Level 2.5 Conjurations
 + Level 4.4 Air Magic


You had 6 spell levels left.
You knew the following spells:

 Your Spells              Type           Power      Damage    Failure   Level
a - Shock                 Conj/Air       48%        1d6       14%         1

Your spell library contained the following spells:

 Spells                   Type           Power      Damage    Failure   Level
 Static Discharge         Conj/Air       24%        2-3/arc   22%         2
 Swiftness                Air            15%        N/A       28%         3
 Airstrike                Air            7%         2d(2-18)  67%         4


Dungeon Overview and Level Annotations

Branches:
Dungeon (3/15)

Altars:

Shops:
D:2 ?


Innate Abilities, Weirdness & Mutations

You have a beak for a mouth.
You have claws for feet.


Message History

Casting: Shock (safe; 14% risk of failure)
Confirm with . or Enter, or press ? or * to list all spells.
Aiming: Shock (safe; 14% risk of failure)
Press: ? - help, Shift-Dir - straight line, f/p - gnoll
Aim: a gnoll, wielding a +0 halberd (heavily wounded, 72% to hit)
The zap hits the gnoll.
The gnoll is almost dead.
Casting: Shock (safe; 14% risk of failure)
Confirm with . or Enter, or press ? or * to list all spells.
Aiming: Shock (safe; 14% risk of failure)
Press: ? - help, Shift-Dir - straight line, f/p - gnoll
Aim: a gnoll, wielding a +0 halberd (almost dead, 72% to hit)
The zap hits the gnoll.
You kill the gnoll!
You see here a +0 halberd.
You start resting.
Magic restored.
Found a stone staircase leading down.
Done exploring.
Done exploring.
There is a stone staircase leading down here.
You climb downwards.
You hear the sound of rushing water.
There is an entrance to a sewer on this level.
Hurry and find it before the portal rusts away!
Found 4 stones, 13 gold pieces and a runed whip.
There is a stone staircase leading up here.
The helpless gnoll fails to defend itself.
You puncture the gnoll! You claw the gnoll, but do no damage.
The gnoll is heavily wounded.
The gnoll shouts!
The endoplasm quivers.
The gnoll hits you but does no damage.
The gnoll throws a throwing net.
The throwing net hits you.
You become entangled in the net!
The gnoll hits you with a +0 flail!
You struggle against the net.
The gnoll hits you but does no damage. The gnoll hits you with a +0 flail!
* * * LOW HITPOINT WARNING * * *
You struggle against the net.
The gnoll hits you from afar with a +0 spear.
You die...

.... #.# ...
... . ...#.#
..##.....
....#.# ....#
####.#g.###
.....g.@.(#
####$g#...J....
...) #........
..#. #........
# # #........
#........
#........
#........


You could see 3 gnolls and an endoplasm.

Vanquished Creatures
  3 gnolls
  An adder (D:2)
  2 worms (D:2)
  3 endoplasms
  A giant cockroach (D:1)
  3 goblins
  A hobgoblin (D:2)
  2 kobolds (D:2)
  2 quokkas
  3 ball pythons
  2 frilled lizards
  5 rats
28 creatures vanquished.

Notes
Turn   | Place    | Note
-------+----------+-------------------------------------------
     0 | D:1      | Pimp the Tengu Air Elementalist began the quest for the
                  | Orb.
     0 | D:1      | Reached XP level 1. HP: 10/10 MP: 4/4
   364 | D:1      | Reached XP level 2. HP: 15/15 MP: 6/6
   650 | D:2      | Reached XP level 3. HP: 14/19 MP: 7/7
   758 | D:2      | Found Xeuni's Magic Scroll Shoppe.
   965 | D:1      | Reached skill level 1 in Short Blades
  1113 | D:2      | Found a faded altar of an unknown god.
  1430 | D:2      | Reached XP level 4. HP: 11/24 MP: 8/8
  1542 | D:3      | Slain by a gnoll

Illustrated notes

Levels and vault maps discovered:
D:1:      roderic_dead_forest, layout_rooms
D:2:      layout_basic, serial_shops, shop, shapermc_ecumenical_altar_gd,
          grunt_decor_arrowhead
D:3:      layout_basic, mainiacjoe_overflow_catwalk_spiral,
          nicolae_qazlal_style_of_elements, portal_sewer_entry_b, uniq_ijyb,
          uniq_grinder

Skill      XL: |  1  2  3 |
---------------+----------+-----
Conjurations   | 2 |  2.5
Short Blades   | 1 |  1.3
Dodging        | |  2.7
Stealth        | |  2.6
Spellcasting   | |  2.3
Air Magic      | |  4.4

Action                     |  1- 3 |  4- 6 || total
---------------------------+-------+-------++-------
  Melee: Short sword       |    52 |     1 ||    53
         Peck              |     4 |       ||     4
         Kick              |    16 |     1 ||    17
         Punch             |     1 |       ||     1
   Cast: Shock             |    20 |     3 ||    23
   Stab: Sleeping          |     2 |     1 ||     3
 Armour: Robe              |     3 |       ||     3
         Ring mail         |     1 |     2 ||     3
  Dodge: Dodged            |    34 |       ||    34
